 Dungeon Crawl Stone Soup version 0.24.0-37-gcf1ca852f1 (webtiles) character file.

Game seed: 1545127048857647534, levelgen mode: deterministic

72 FishyPogo the Skirmisher (level 4, -1/37 HPs)
             Began as a Demonspawn Monk on Nov 30, 2019.
             Slain by a mummy (8 damage)
             ... in an ossuary.
             The game lasted 00:08:28 (1288 turns).

FishyPogo the Skirmisher (Demonspawn Monk)          Turns: 1288, Time: 00:08:29

Health: -1/37      AC:  5    Str:  9 (12) XL:     4   Next: 6%
Magic:  4/4        EV: 12    Int: 10 (11) God:
Gold:   117        SH:  3    Dex: 10 (13) Spells: 3/3 levels left

rFire    . . .     SeeInvis .   a - +0 short sword
rCold    . . .     Gourm    .   q - +0 buckler (curse)
rNeg     . . .     Faith    .   b - +0 robe
rPois    .         Spirit   .   (no helmet)
rElec    .         Reflect  .   (no cloak)
rCorr    .         Harm     .   s - +0 pair of gloves
MR       .....                  (no boots)
Stlth    ++........             o - amulet of magic regeneration
HPRegen  0.12/turn              v - ring of flight
MPRegen  0.34/turn              r - -3 ring of dexterity (curse)

@: hasted, very quick
A: molten scales 1
a: Evoke Flight


You were in an ossuary.
You were not hungry.

You visited 1 branch of the dungeon, and saw 4 of its levels.
You also visited: Ossuary.

You collected 117 gold pieces.

Inventory:

Hand Weapons
 a - a +0 short sword (weapon)
Missiles
 h - 59 stones (quivered)
Armour
 b - a +0 robe (worn)
 q - a cursed +0 buckler (worn)
 s - a +0 pair of gloves (worn)
Jewellery
 m - an uncursed ring of poison resistance
 o - an amulet of magic regeneration (around neck)
 r - a cursed -3 ring of dexterity (right hand)
 v - a ring of flight (left hand)
Wands
 f - a wand of digging (6)
Scrolls
 d - a scroll of fear {unknown}
 g - a scroll of enchant weapon {unknown}
 i - a scroll of identify
 j - a scroll of remove curse {unknown}
 l - a scroll of teleportation
 n - a scroll of random uselessness {unknown}
 p - a scroll of amnesia {unknown}
 u - a scroll of blinking {unknown}
Potions
 e - a potion of degeneration
 t - a potion of lignification
Comestibles
 c - 4 rations


   Skills:
 * Level 3.8 Fighting
 - Level 3.0 Short Blades
 - Level 3.0 Dodging
 + Level 2.4 Stealth
 * Level 1.1 Shields


You had 3 spell levels left.
You didn't know any spells.
Your spell library was empty.

Dungeon Overview and Level Annotations

Branches:
Dungeon (4/15)            Ossuary (1/1)
 Temple: D:4-7

Altars:

Shops:
D:4 *


Innate Abilities, Weirdness & Mutations

You are partially covered in molten scales. (AC +2)


Message History

You feel better. The orc zombie misses you.
You hit the orc zombie.
You destroy the orc zombie!
The mummy closely misses you.
You eat one of the 5 rations.
That ration really hit the spot!
There is a gate leading back out of this place here.
You hit the mummy but do no damage.
The mummy is moderately damaged.
You hit the mummy.
The mummy is heavily damaged.
You barely miss the mummy.
The mummy is heavily damaged.
The hobgoblin zombie closely misses you.
The mummy closely misses you.
You barely miss the mummy.
The mummy is heavily damaged.
The mummy barely misses you.
The hobgoblin zombie completely misses you.
The mummy hits you!
You die...

......
#....#
#....#
#....#
#....#
#....#
#....#
#ZMM.#
#@...#
#.∩∩.#
######


You could see 2 mummies and a hobgoblin zombie.

Vanquished Creatures
  A howler monkey skeleton (D:3)
  An ooze (D:1)
  A dart slug (D:2)
  A leopard gecko (D:1)
  5 orcs (D:3)
  4 giant cockroaches
  2 gnoll zombies (Ossuary)
  6 goblins
  A hobgoblin (D:1)
  6 jackals (D:3)
  A quokka (D:2)
  4 bats (D:1)
  4 frilled lizards
  4 kobolds
  A kobold zombie (Ossuary)
  2 orc zombies (Ossuary)
  A quokka skeleton (D:3)
  2 rats (D:1)
47 creatures vanquished.

Notes
Turn   | Place    | Note
-------+----------+-------------------------------------------
     0 | D:1      | FishyPogo the Demonspawn Monk began the quest for the Orb.
     0 | D:1      | Reached XP level 1. HP: 18/18 MP: 1/1
   162 | D:1      | Gained mutation: You are partially covered in molten
                  | scales. (AC +2) [demonic ancestry]
   162 | D:1      | Reached XP level 2. HP: 20/24 MP: 2/2
   580 | D:2      | Reached XP level 3. HP: 29/29 MP: 3/3
   991 | D:3      | Reached skill level 1 in Shields
  1105 | D:4      | Reached XP level 4. HP: 29/37 MP: 4/4
  1106 | D:4      | Found Afeoqeus's Lightly-Used Armoury.
  1221 | D:4      | Found a sand-covered staircase.
  1238 | Ossuary  | Entered an ossuary
  1275 | Ossuary  | HP: 1/37 [mummy (11)]
  1288 | Ossuary  | Slain by a mummy

Levels and vault maps discovered:
D:1:      scummos_arrival_checkerplants, layout_rooms
D:2:      layout_basic, st_stairs_14, minmay_octomino_c4
D:3:      layout_rooms, serial_aquarium, aquarium_bridge_island_small
          [aquarium_subvault_small_open, aquarium_subvault_bridge,
          aquarium_subvault_wall, aquarium_subvault_bridge,
          aquarium_subvault_balcony], aquarium_bridge_square
          [aquarium_subvault_balcony, aquarium_subvault_wall,
          aquarium_subvault_window, aquarium_subvault_bridge],
          aquarium_window_corridor_3, aquarium_window_1, aquarium_view_2d,
          aquarium_view_2b
D:4:      layout_basic, minmay_temple_entry_arrows, chequers_ossuary_entry_cave,
          minmay_shop_damaged
Ossuary:  ossuary_tomb_3

Skill      XL: |  1  2  3 |
---------------+----------+-----
Stealth        | 2 |  2.4
Dodging        | 3 |  3.0
Short Blades   | 3 |  3.0
Shields        | 1 |  1.1
Fighting       | |  3.8

Action                   |  1- 3 |  4- 6 || total
-------------------------+-------+-------++-------
Melee: Short sword       |   163 |    32 ||   195
  Use: Scroll            |     3 |       ||     3
       Potion            |       |     5 ||     5
 Stab: Sleeping          |     5 |       ||     5
  Eat: Ration            |       |     1 ||     1
Armor: Robe              |    29 |     4 ||    33
Dodge: Dodged            |   101 |    27 ||   128
Block: Buckler           |    10 |     3 ||    13
